 Seeded DCSS version 0.30.1-3-gfc49f6343a (webtiles) character file.

Game seed: 20230804 (custom seed)

20 AccursedSamuel the Trooper (level 2, -9/24 HPs)
             Began as a Demonspawn Chaos Knight on Aug 9, 2023.
             Was a Plaything of Xom.
             Mangled by an iguana (11 damage)
             ... on level 4 of the Dungeon.
             The game lasted 00:01:37 (443 turns).

AccursedSamuel the Trooper (Demonspawn Chaos Knight) Turns: 443, Time: 00:01:38

Health: -9/24      AC:  5    Str: 12    XL:     2   Next: 58%
Magic:  2/2        EV: 11    Int: 13    God:    Xom [...*..]
Gold:   32         SH:  0    Dex: 12    Spells: 1/1 levels left

rFire   . . .        a - +0 falchion (chaos)
rCold   . . .        (no shield)
rNeg    . . .        b - +2 leather armour
rPois   .            (no helmet)
rElec   .            (no cloak)
rCorr   .            (no gloves)
SInv    .            (no boots)
Will    .....        (no amulet)
Stlth   +            (no ring)
HPRegen 0.24/turn    (no ring)
MPRegen 0.08/turn

%: no passive effects
@: no status effects
A: hooves 1
a: Renounce Religion


You were on level 4 of the Dungeon.
You worshipped Xom.
You were a favourite toy of Xom.
You visited 1 branch of the dungeon, and saw 4 of its levels.

You collected 32 gold pieces.

Inventory:

Hand Weapons
 a - a +0 falchion of chaos (weapon)
Armour
 b - a +2 leather armour (worn)
Scrolls
 d - a scroll of teleportation {unknown}
 f - a scroll of enchant weapon {unknown}
 g - a scroll of identify {unknown}
Potions
 e - a potion of cancellation {unknown}
 h - a potion of attraction {unknown}
Miscellaneous
 c - a piece from Xom's chessboard (15/15) (quivered)


   Skills:
 + Level 3.3 Fighting
 + Level 3.1 Long Blades
 + Level 1.9 Armour
 + Level 1.0 Dodging


You had one spell level left.
You didn't know any spells.
Your spell library contained the following spells:

 Spells                   Type           Power      Damage    Failure   Level
 Apportation              Tloc           0%         N/A       36%         1
 Summon Forest            Summ/Tloc      0%         N/A       100%        5
 Dispersal                Tloc           0%         N/A       100%        6


Dungeon Overview and Level Annotations

Branches:
Dungeon (4/15)
 Temple: D:4-7

Altars:
Xom


Innate Abilities, Weirdness & Mutations

You have large cloven feet.


Message History

You now have 32 gold pieces (gained 17).
Found 7 stones.
You hear the slow rusting of a distant drain.
Found a fuming cyan potion.
h - a fuming cyan potion You hear the slow rusting of a very distant drain.
Found a stone staircase leading up.
There is a stone staircase leading up here.
Xom's power almost touches on you for a moment.
Nothing appears to happen...
Ominous!
You are now a favourite toy of Xom.
You hear the rusting of a very distant drain.
Found a stone staircase leading down.
A ball python comes into view.
You hear the brisk rusting of a very distant drain.
You open the door.
A kobold and an orc come into view.
The kobold shouts!
The orc shouts!
There is an open door here. 2 orcs come into view.
The orc shouts!
You hear a shout!
An orc comes into view. It is wielding a +0 dagger.
The orc shouts! x2; You hear a shout!
An orc priest comes into view. It is wielding a +0 hand axe.
Found a bubbling cyan potion.
An iguana comes into view.
The iguana hisses angrily.
The iguana moves out of view.
The iguana bites you! The iguana attacks as you move away!
The iguana completely misses you. The iguana attacks as you move away!
The iguana bites you. Xom alters the dungeon around you. The iguana bites you!
* * * LOW HITPOINT WARNING * * *
The iguana attacks as you move away!
The iguana bites you but does no damage.
There is a shimmering altar of Xom here.
The iguana attacks as you move away! The iguana bites you!
You die...
Xom chuckles heartily!

#.##########.# #<#.#.#
#####'## #.# #.# #.#.#.#
.......#########.###.# #.#.#.#
.........o..........># #.#.#.#
.......o.#....##o###.# #.#.#.#
.......#.#....##.# #.# #.#.#.#
.....o.#.#....##K# #.#.#.#.#.#
.......#.#....##l###.#.#.#.#.#
.......#!#....+.@......#...#.#
.......#.#....##.###.#######.#
..#+####.#....##.# #.# #.#
#.###.#######.#
#.#...........#
#.#.#.######### #.#.#.#
#.#.#.# # #.#.#.#


You could see an iguana, an orc and a kobold.

Vanquished Creatures
  An adder (D:4)
  A worm (D:3)
  A giant cockroach (D:3)
  2 jackals (D:4)
  2 quokkas (D:1)
  A kobold (D:4)
8 creatures vanquished.

Notes
Turn   | Place    | Note
-------+----------+-------------------------------------------
     0 | D:1      | AccursedSamuel the Demonspawn Chaos Knight began the quest
                  | for the Orb.
     0 | D:1      | Reached XP level 1. HP: 18/18 MP: 1/1
   128 | D:3      | Got the Almanac of Location
   182 | D:4      | Gained mutation: You have large cloven feet. [demonic
                  | ancestry]
   182 | D:4      | Reached XP level 2. HP: 12/24 MP: 2/2
   203 | D:4      | Reached skill level 1 in Dodging
   352 | D:4      | XOM: silly message
   437 | D:4      | XOM: scenery: create altars
   438 | D:4      | HP: 1/24 [iguana (10)]
   443 | D:4      | Mangled by an iguana

Illustrated notes

Levels and vault maps discovered:
D:1:      roderic_octagonal_star, layout_basic,
          hellmonk_ecumenical_altar_run_dry, minmay_box_of_dots
D:2:      layout_loops_ring
D:3:      layout_basic, serial_aquarium, aquarium_bridge_long_separate
          [aquarium_subvault_wall, aquarium_subvault_wall,
          aquarium_subvault_bridge, aquarium_subvault_wall,
          aquarium_subvault_bridge, aquarium_subvault_bridge],
          aquarium_window_1, aquarium_window_fake, aquarium_view_2d,
          aquarium_view_4, aquarium_pool_1
D:4:      layout_basic, gammafunk_temple_overflow_forgotten,
          portal_sewer_entry_b

Skill      XL: |  1  2 |
---------------+-------+-----
Long Blades    | 3 |  3.1
Dodging        | 1 |  1.0
Fighting       | |  3.3
Armour         | |  1.9

Action                     || total
---------------------------++-------
  Melee: Falchion          ||    37
         Kick              ||     3
 Armour: Leather armour    ||    24
  Dodge: Dodged            ||    56
